 Dungeon Crawl Stone Soup version 0.22-a0-42-g002c468 (webtiles) character file.

685 KristoblXynda the Charmwright (level 7, -8/33 HPs)
             Began as a Spriggan Skald on Jan 5, 2018.
             Mangled by a mummy (20 damage)
             ... in an ossuary.
             The game lasted 00:09:29 (4614 turns).

KristoblXynda the Charmwright (Spriggan Skald)      Turns: 4614, Time: 00:09:30

Health: -8/33      AC:  2    Str:  8    XL:     7   Next: 35%
Magic:  0/15       EV: 21    Int: 17    God:
Gold:   188        SH:  5    Dex: 17    Spells: 9/16 levels left

rFire    . . .     SeeInvis +   q - +0 dagger (holy)
rCold    . . .     Gourm    .   (shield restricted)
rNeg     . . .     Faith    .   b - +0 robe
rPois    .         Spirit   .   (helmet restricted)
rElec    .         Reflect  +   (no cloak)
rCorr    .         Harm     .   (gloves unavailable)
MR       +....                  (boots unavailable)
Stlth    +++.......             r - +5 amulet of reflection
HPRegen  0.11/turn              j - +2 ring of evasion
MPRegen  0.14/turn              i - +3 ring of intelligence

@: infused (expiring), very quick
A: very small, unfitting armour, see invisible, herbivore, speed 3, slow
metabolism 2
a: no special abilities


You were in an ossuary.
You were hungry.

You visited 1 branch of the dungeon, and saw 4 of its levels.
You also visited: Ossuary.

You collected 188 gold pieces.

Inventory:

Hand Weapons
 f - a +0 dagger
 q - a +0 dagger of holy wrath (weapon)
Armour
 b - a +0 robe (worn)
 l - a +0 buckler
Jewellery
 i - a +3 ring of intelligence (right hand)
 j - a +2 ring of evasion (left hand)
 r - a +5 amulet of reflection (around neck)
Wands
 a - a wand of flame (21)
 e - a wand of paralysis (10)
Scrolls
 g - 3 scrolls of identify
 h - 4 scrolls of teleportation
Potions
 k - a potion of resistance
 m - a potion of brilliance
Books
 c - a book of Battle

   Spells                             Type                      Level
   a - Infusion                       Charms                       1
   b - Shroud of Golubria             Charms/Translocation         2
   c - Song of Slaying                Charms                       2
   d - Spectral Weapon                Hexes/Charms                 3
   e - Regeneration                   Charms/Necromancy            3
Comestibles
 d - 10 rations


   Skills:
 - Level 1.5 Fighting
 + Level 5.0 Short Blades
 - Level 4.2 Dodging
 + Level 5.7 Stealth
 + Level 5.1 Spellcasting
 + Level 7.4 Charms


You had 9 spell levels left.
You knew the following spells:

 Your Spells              Type           Power        Failure   Level  Hunger
a - Infusion              Chrm           ####         1%          1    None
b - Regeneration          Chrm/Necr      ###.......   9%          3    ###....
c - Spectral Weapon       Hex/Chrm       ###.....     9%          3    ###....


Dungeon Overview and Level Annotations

Branches:
Dungeon (4/15)
 Temple: D:4-7

Altars:
Gozag
Vehumet

Shops:
D:3 *

Annotations:
D:4 Paulus's ghost, novice HOMo


Innate Abilities, Weirdness & Mutations

You are very small and have problems with some larger weapons.
You are too small for most types of armour.
You have supernaturally acute eyesight. (SInv)
You are a herbivore.
You cover ground extremely quickly.
You need consume almost no food.


Message History

You hit the mummy.
You destroy the mummy!
Your Short Blades skill increases to level 5!
The hobgoblin zombie misses you.
You hit the kobold zombie.
The kobold zombie convulses.
You destroy the kobold zombie!
You hit the mummy.
The mummy convulses.
The mummy is moderately damaged.
You barely miss the mummy.
The mummy is moderately damaged.
The mummy completely misses you.
You hit the mummy.
The mummy convulses.
The mummy is severely damaged.
Your magical infusion is running out.
The hobgoblin zombie hits you.
You hit the mummy.
The mummy convulses.
The mummy is almost destroyed.
The mummy hits you!!
Ouch! That really hurt!
You die...

################
##.....Z.ZM.....##
##.....M####......##
#......##..##......#
#...ZZ##....##M....#
#....@M....M..Z....#
##......Z.........##
##..............##
#+##........##+#
##......## ##....##
#....# #....# #....#


You could see 3 mummies, 2 hobgoblin zombies, a gnoll zombie and an orc zombie.

Vanquished Creatures
  5 killer bees (D:3)
  2 howler monkeys (D:4)
  A hound (D:4)
  A jelly (D:4)
  Ijyb (D:3)
  Natasha (thrice) (D:3)
  A worker ant (D:4)
  A big kobold zombie (Ossuary)
  3 mummies (Ossuary)
  6 adders
  An ooze (D:3)
  An adder skeleton (D:4)
  An adder zombie (D:3)
  A worm (D:3)
  2 dart slugs
  2 leopard geckos
  4 orcs (D:4)
  7 bats
  4 giant cockroaches
  2 gnoll zombies
  11 goblins
  8 hobgoblins (D:1)
  5 jackals
  9 kobolds
  A quokka (D:4)
  A goblin zombie (D:4)
  A kobold zombie (Ossuary)
  An orc zombie (Ossuary)
  A quokka skeleton (D:4)
  3 rats
90 creatures vanquished.

Vanquished Creatures (others)
  A goblin (D:3)
1 creature vanquished.

Grand Total: 91 creatures vanquished

Notes
Turn   | Place    | Note
-------+----------+-------------------------------------------
     0 | D:1      | KristoblXynda the Spriggan Skald began the quest for the Orb.
     0 | D:1      | Reached XP level 1. HP: 10/10 MP: 5/5
   332 | D:1      | Reached XP level 2. HP: 11/14 MP: 6/6
   700 | D:1      | Reached skill level 5 in Charms
  1139 | D:1      | Reached XP level 3. HP: 15/18 MP: 4/8
  1172 | D:1      | Learned a level 3 spell: Regeneration
  1176 | D:1      | Learned a level 3 spell: Spectral Weapon
  1483 | D:2      | Reached skill level 1 in Stealth
  2313 | D:3      | Reached XP level 4. HP: 19/22 MP: 2/9
  2406 | D:3      | Noticed Natasha
  2420 | D:3      | Killed Natasha
  2484 | D:3      | Found an opulent altar of Gozag.
  2486 | D:3      | Found Gozag's Platinum Reserve.
  2541 | D:3      | Noticed Natasha
  2551 | D:3      | Killed Natasha
  2615 | D:3      | Reached XP level 5. HP: 10/25 MP: 3/11
  2962 | D:3      | Noticed Natasha
  2976 | D:3      | Noticed Ijyb
  2980 | D:3      | Reached skill level 6 in Charms
  3000 | D:3      | Reached XP level 6. HP: 26/30 MP: 0/13
  3255 | D:3      | Killed Natasha
  3312 | D:3      | Found a radiant altar of Vehumet.
  3660 | D:3      | Killed Ijyb
  3931 | D:4      | Noticed Paulus's ghost (novice HOMo)
  4147 | D:4      | Reached skill level 5 in Stealth
  4147 | D:4      | Reached skill level 7 in Charms
  4147 | D:4      | Reached XP level 7. HP: 33/33 MP: 9/15
  4218 | D:4      | Reached skill level 5 in Spellcasting
  4491 | D:4      | Found a sand-covered staircase.
  4509 | Ossuary  | Entered an ossuary
  4595 | Ossuary  | Reached skill level 5 in Short Blades
  4614 | Ossuary  | Mangled by a mummy

Vault maps used:
D:1:      minmay_arrival_plants_in_alcoves
D:3:      fiery_altar_vehumet, nicolae_gozag_zags_fifth_avenue,
          minmay_misc_feat_rugged, solitary_fountain, uniq_ijyb, uniq_natasha
D:4:      enter_ossuary_3, first_ration
Ossuary:  ossuary_tomb_3

Skill      XL: |  1  2  3  4  5  6  7 |
---------------+----------------------+-----
Dodging        | 4 |  4.2
Charms         | 5 6 7 |  7.4
Stealth        | 1 2 3 5 |  5.7
Short Blades   | 3 4 5 |  5.0
Spellcasting   | 3 4 5 |  5.1
Fighting       | |  1.5

Action                   |  1- 3 |  4- 6 |  7- 9 || total
-------------------------+-------+-------+-------++-------
Melee: Dagger            |   143 |   252 |    77 ||   472
       Short sword       |     8 |       |       ||     8
 Cast: Infusion          |    12 |    13 |     4 ||    29
       Regeneration      |     1 |     1 |     1 ||     3
Evoke: Wand              |       |       |     1 ||     1
  Use: Scroll            |       |     8 |     3 ||    11
       Potion            |       |     7 |       ||     7
 Stab: Sleeping          |     3 |     3 |     3 ||     9
       Distracted        |       |       |     1 ||     1
  Eat: Ration            |       |     1 |       ||     1
Armor: Robe              |    11 |    10 |     1 ||    22
       Skin              |       |    56 |       ||    56
Dodge: Dodged            |   132 |   198 |    37 ||   367
Block: Other             |       |    19 |     8 ||    27

Table legend:
 A = Spawn XP
 B = Non-spawn XP
 C = Spawn XP percentage of total XP
 D = Spawn monster count
 E = Non-spawn monster count
 F = Spawn count percentage of total count
 G = Total turns spent on level
                    A         B        C        D         E        F      G
               +---------+---------+-------+---------+---------+-------+---------
         Total |       0 |     979 |   0.0 |       0 |      90 |   0.0 |  4614
               +---------+---------+-------+---------+---------+-------+---------
           D:1 |       0 |      41 |   0.0 |       0 |      20 |   0.0 |  1362
           D:2 |       0 |      42 |   0.0 |       0 |      12 |   0.0 |   905
           D:3 |       0 |     543 |   0.0 |       0 |      33 |   0.0 |  1643
           D:4 |       0 |     272 |   0.0 |       0 |      18 |   0.0 |   599
       Ossuary |       0 |      81 |   0.0 |       0 |       7 |   0.0 |   105
               +---------+---------+-------+---------+---------+-------+---------
